 Dungeon Crawl Stone Soup version 0.20.1-1-g8b1a95d (webtiles) character file.

73 kaze the Shield-Bearer (level 4, -1/29 HPs)
             Began as a Gargoyle Fighter on Sept 16, 2017.
             Slain by Sigmund
             ... wielding a +0 scythe
              (5 damage)
             ... on level 2 of the Dungeon.
             The game lasted 00:01:41 (1197 turns).

kaze the Shield-Bearer (Gargoyle Fighter)           Turns: 1197, Time: 00:01:41

Health: -1/29      AC: 12    Str: 20    XL:     4   Next: 27%
Magic:  4/4        EV:  7    Int:  9    God:
Gold:   85         SH:  9    Dex:  9    Spells: 3/3 levels left

rFire    . . .     SeeInvis .   a - +0 war axe
rCold    . . .     Gourm    .   c - +0 shield
rNeg     + . .     Faith    .   b - +0 scale mail
rPois    ∞         Spirit   .   p - +0 helmet
rElec    +         Reflect  .   (no cloak)
rCorr    .         Harm     .   h - +0 pair of gloves
MR       .....                  (no boots)
Stlth    ..........             (no amulet)
Regen    0.1/turn               (no ring)
MPRegen  0.1/turn               (no ring)

@: no status effects
A: negative energy resistance 1, electricity resistance, unbreathing,
petrification resistance, rot immunity, AC +3
a: no special abilities


You were on level 2 of the Dungeon.
You were not hungry.

You visited 1 branch of the dungeon, and saw 2 of its levels.

You collected 85 gold pieces.

Inventory:

Hand Weapons
 a - a +0 war axe (weapon)
Armour
 b - a +0 scale mail (worn)
 c - a +0 shield (worn)
 h - a +0 pair of gloves (worn)
 p - a +0 helmet (worn)
Scrolls
 g - 2 scrolls of identify {unknown}
 i - a scroll of amnesia {unknown}
 m - a scroll of noise {unknown}
 n - a scroll of remove curse {unknown}
Potions
 d - a potion of might
 e - a potion of invisibility {unknown}
 j - a potion of resistance {unknown}
 k - a potion of curing {unknown}
 l - 2 potions of lignification {unknown}
 o - a potion of brilliance {unknown}
Comestibles
 f - a bread ration
 q - a chunk of flesh


   Skills:
 + Level 3.8 Fighting
 + Level 2.5 Axes
 + Level 3.7 Armour
 + Level 0.1 Dodging
 + Level 4.1 Shields


You had 3 spell levels left.
You didn't know any spells.

Dungeon Overview and Level Annotations

Branches:
Dungeon (2/15)

Altars:

Annotations:
D:2 Sigmund


Innate Abilities, Weirdness & Mutations

You are resistant to torment.
Your stone body is resilient. (AC +3)
You are immune to poison.
You resist negative energy. (rN+)
You are resistant to electric shocks. (rElec)
You can survive without breathing.
You are immune to petrification.
You are immune to rotting.


Message History

* * * LOW HITPOINT WARNING * * *
Your shield and scale mail prevent you from hitting something.
Something completely misses you.
You completely miss something. Something hits you.
* * * LOW HITPOINT WARNING * * *
You miss something.
You hear some strange, mumbled words.
You are confused.
You bump into the rock wall.
Something hits you but does no damage.
You're too confused to move!
You hear some strange, mumbled words.
Something tries to affect you, but you resist.
You bump into the rock wall.
Something hits you.
* * * LOW HITPOINT WARNING * * *
You bump into the rock wall.
You miss something.
You feel less confused. Something hits you but does no damage.
You barely miss something. Something hits you.
You die...

...+...### #.#
...##†...# #.#
.........##### #.#
....#........####.##
....#.#.#.#........#
............##.#####
..(##.#.#.#.##.#
...##.......##.#####
...##.#.#.#.##..@..#
#####.......##<##{##
##########.# .# #.#
.# #.# .# #.. .. ###
## ##


There were no monsters in sight!

Vanquished Creatures
  A gnoll (D:1)
  2 adders (D:2)
  A dart slug (D:1)
  2 leopard geckos
  2 bats
  3 giant cockroaches (D:2)
  6 goblins
  4 hobgoblins
  4 jackals (D:1)
  2 quokkas (D:2)
  4 frilled lizards
  4 kobolds
  4 rats
39 creatures vanquished.

Notes
Turn   | Place    | Note
-------+----------+-------------------------------------------
     0 | D:1      | kaze the Gargoyle Fighter began the quest for the Orb.
     0 | D:1      | Reached XP level 1. HP: 14/14 MP: 1/1
     1 | D:1      | Noticed an electric eel
    56 | D:1      | Reached XP level 2. HP: 19/19 MP: 2/2
   218 | D:1      | Reached XP level 3. HP: 22/23 MP: 3/3
   899 | D:2      | Reached skill level 4 in Shields
  1017 | D:2      | Reached XP level 4. HP: 20/29 MP: 4/4
  1178 | D:2      | Noticed Sigmund
  1197 | D:2      | Slain by Sigmund

Skill      XL: |  1  2  3 |
---------------+----------+-----
Axes           | 2 |  2.5
Shields        | 4 |  4.1
Fighting       | |  3.8
Armour         | |  3.7
Dodging        | |  0.1

Action                   |  1- 3 |  4- 6 || total
-------------------------+-------+-------++-------
Melee: War axe           |   144 |    24 ||   168
  Eat: Chunk             |       |     1 ||     1
Armor: Scale mail        |    95 |    14 ||   109
Dodge: Dodged            |    36 |     5 ||    41
Block: Shield            |    80 |    15 ||    95
